 Dungeon Crawl Stone Soup version 0.28-a0-1212-gc6b4282bc0 (webtiles) character file.

Game seed: 7854171146471803506

3 Astera the Conjurer (level 1, 0/10 HPs)
             Began as a Tengu Conjurer on Dec 21, 2021.
             Hit by a stone thrown by a kobold (1 damage)
             ... on level 1 of the Dungeon.
             The game lasted 00:00:30 (82 turns).

Astera the Conjurer (Tengu Conjurer)                  Turns: 82, Time: 00:00:31

Health: 0/10       AC:  2    Str:  7    XL:     1   Next: 50%
Magic:  2/4        EV: 12    Int: 18    God:
Gold:   0          SH:  0    Dex: 12    Spells: 3/4 levels left

rFire   . . .      SeeInvis .   (no weapon)
rCold   . . .      Faith    .   (no shield)
rNeg    . . .      Spirit   .   a - +0 robe
rPois   .          Reflect  .   (helmet restricted)
rElec   .          Harm     .   (no cloak)
rCorr   .          Rampage  .   (no gloves)
Will    .....                   (boots unavailable)
Stlth   ++........              (no amulet)
HPRegen 0.03/turn               (no ring)
MPRegen 0.09/turn               (no ring)

@: no status effects
A: beak, talons 3
a: no special abilities


You were on level 1 of the Dungeon.
You visited 1 branch of the dungeon, and saw 1 of its levels.

Inventory:

Armour
 a - a +0 robe (worn)
Scrolls
 b - a scroll of identify {unknown}
 d - a scroll of teleportation {unknown}
Potions
 c - a potion of degeneration {unknown}


   Skills:
 + Level 2.2 Dodging
 + Level 2.1 Stealth
 + Level 2.0 Spellcasting
 + Level 5.3 Conjurations


You had 3 spell levels left.
You knew the following spells:

 Your Spells              Type           Power      Damage    Failure   Level
a - Magic Dart            Conj           84%        1d7       1%          1

Your spell library contained the following spells:

 Spells                   Type           Power      Damage    Failure   Level
 Searing Ray              Conj           42%        2d6       3%          2
 Dazzling Flash           Conj/Hex       22%        N/A       19%         3
 Fulminant Prism          Conj/Hex       5%         3d7       52%         4
 Iskenderun's Mystic Bla  Conj/Tloc      11%        2d4       52%         4


Dungeon Overview and Level Annotations

Branches:
Dungeon (1/15)

Altars:


Innate Abilities, Weirdness & Mutations

You have a beak for a mouth.
You have claws for feet.


Message History

The bat closely misses you.
The magic dart hits the bat.
The bat is moderately wounded.
The bat closely misses you. The bat hits you but does no damage.
You are too depleted to draw on your mana recklessly!
You completely miss the bat. Your kick misses the bat.
The bat is moderately wounded.
The bat closely misses you. The bat completely misses you.
You hit the bat. You claw the bat.
You kill the bat!
The jackal barely misses you.
Unknown command.
You barely miss the jackal. You claw the jackal.
The jackal is almost dead.
The jackal bites you.
* * * LOW HITPOINT WARNING * * *
You hit the jackal.
You kill the jackal!
You are too injured to fight recklessly!
You closely miss the goblin. The goblin hits you with a +0 dagger.
* * * LOW HITPOINT WARNING * * *
You hit the goblin. Your kick misses the goblin.
The goblin is moderately wounded.
The goblin barely misses you.
You completely miss the goblin.
The goblin is moderately wounded.
The goblin closely misses you.
Unknown command.
The goblin barely misses you. Why would you want to do that?
You hit the goblin.
The goblin is severely wounded.
The goblin closely misses you.
You completely miss the goblin.
The goblin is severely wounded.
The goblin hits you but does no damage.
You barely miss the goblin. You claw the goblin.
You kill the goblin!
The kobold throws a stone.
The stone hits you.
You die...

#########.##.######.#
..........##........##
............g.........
.##..##....g.#...#....
##+###+##g######.8.##...
#≈.§§≈§≈#K# #.....##..
#≈≈.§.§§#.# #.....##..
#.#≈§...≈§#K#
#..g.K..#..
#...§§<.≈@)h#
#..8.8..#..
#.#≈§§..≈≈#.#
#.......#.. #§≈§§§≈≈#.#
##.....## #§.§≈≈§≈#.#
#.....# .###+###'##.#
............#
........###.# #..####.#
#.# # #.# #.#


You could see a jackal and a kobold.

Vanquished Creatures
  A goblin (D:1)
  2 jackals (D:1)
  A bat (D:1)
4 creatures vanquished.

Notes
Turn   | Place    | Note
-------+----------+-------------------------------------------
     0 | D:1      | Astera the Tengu Conjurer began the quest for the Orb.
     0 | D:1      | Reached XP level 1. HP: 10/10 MP: 4/4
    82 | D:1      | Hit by a stone thrown by a kobold

Illustrated notes

Levels and vault maps discovered:
D:1:      ncdulo_lavacross, layout_basic, hellmonk_ecumenical_altar_prayer_group

Action                   || total
-------------------------++-------
Melee: Unarmed           ||    10
       Kick              ||     3
 Cast: Magic Dart        ||     5
Armor: Robe              ||     2
Dodge: Dodged            ||    17

Table legend: (Time is in decaauts)
 A = Elapsed time spent in this place.
 B = Non-inter-level travel time spent in this place.
 C = Inter-level travel time spent in this place.
 D = Time resting spent in this place.
 E = Time spent auto-exploring this place.
 F = Levels seen in this place.
 G = Mean time per level.
                   A        B        C        D        E       F      G
               +--------+--------+--------+--------+--------+-----+--------+
         Total |     82 |     82 |      0 |      0 |     40 |   1 |   82.0 |
       Dungeon |     82 |     82 |      0 |      0 |     40 |   1 |   82.0 |
               +--------+--------+--------+--------+--------+-----+--------+

Top non-repeatable levels by time:
     D:1: 82 daAuts
